 Dungeon Crawl Stone Soup version 0.27-a0-1188-g73eefd5def (webtiles) character file.

Game seed: 3406261004511632597

92 kae the Chopper (level 4, -4/41 HPs)
             Began as a Hill Orc Fighter on May 20, 2021.
             Killed by an exploding goblin (41 damage)
             ... ignited by their inner flame
             ... on level 3 of the Dungeon.
             The game lasted 00:01:20 (1523 turns).

kae the Chopper (Hill Orc Fighter)                  Turns: 1523, Time: 00:01:21

Health: -4/41      AC:  6    Str: 19    XL:     4   Next: 60%
Magic:  4/4        EV:  7    Int:  8    God:
Gold:   71         SH:  9    Dex: 10    Spells: 3/3 levels left

rFire    . . .     SeeInvis .   e - +2 hand axe (freeze)
rCold    . . .     Faith    .   c - +0 kite shield
rNeg     . . .     Spirit   .   b - +0 scale mail
rPois    .         Reflect  .   (no helmet)
rElec    .         Harm     .   (no cloak)
rCorr    .         Rampage  .   (no gloves)
Will     .....                  (no boots)
Stlth    ..........             (no amulet)
HPRegen  0.13/turn              (no ring)
MPRegen  0.09/turn              (no ring)

@: no status effects
A: no striking features
a: no special abilities


You were on level 3 of the Dungeon.
You visited 1 branch of the dungeon, and saw 3 of its levels.

You collected 71 gold pieces.

Inventory:

Hand Weapons
 a - a +1 war axe
 e - a +2 hand axe of freezing (weapon)
Armour
 b - a +0 scale mail (worn)
 c - a +0 kite shield (worn)
Wands
 d - a wand of flame (16)
Scrolls
 l - a scroll of immolation


   Skills:
 + Level 4.6 Fighting
 * Level 5.3 Axes
 - Level 3.2 Armour
 - Level 3.2 Shields


You had 3 spell levels left.
You didn't know any spells.
Your spell library contained the following spells:

 Spells                   Type           Power      Damage    Failure   Level
 Confusing Touch          Hex            0%         N/A       100%        3
 Gell's Gravitas          Tloc           0%         N/A       100%        3
 Petrify                  Tmut/Erth      0%         N/A       100%        4
 Metabolic Englaciation   Hex/Ice        0%         N/A       100%        5
 Yara's Violent Unravell  Hex/Tmut       0%         3d3       100%        5


Dungeon Overview and Level Annotations

Branches:
Dungeon (3/15)

Altars:

Shops:
D:3 [


Message History

The goblin shouts! x2
Robin throws the goblin at you! You block the goblin's attack.
As you read the scroll labelled SUAT GIALLO, it crumbles to dust.
It is a scroll of enchant weapon.
Your +0 war axe glows red for a moment.
Robin throws the goblin at you!
The goblin unwields a +0 hunting sling.
The goblin wields a +0 dagger.
You block the goblin's attack. The goblin hits you with a +0 club.
As you read the scroll labelled ROIRAPL SUNN, it crumbles to dust.
Your body is wracked with pain!
The goblin convulses! x2; Robin convulses!
The goblin convulses!
It was a scroll of torment.
The goblin hits you but does no damage. The goblin barely misses you.
As you read the scroll labelled VYOHUD LOKHLO, it crumbles to dust.
You hear a loud clanging noise!
It was a scroll of noise.
The goblin hits you but does no damage. You block the goblin's attack.
The goblin hits you but does no damage.
As you read the scroll labelled FIBBUEX CEABILL, it crumbles to dust.
Wisps of shadow whirl around you...
It was a scroll of summoning.
The goblin hits you with a +0 dagger. Robin throws the goblin at you!
The goblin hits you but does no damage. You block the goblin's attack. x2
The goblin closely misses you.
As you read the scroll labelled UHAESSIPIM, it crumbles to dust.
The creatures around you are filled with an inner flame!
It was a scroll of immolation.
The goblin hits you but does no damage.
The hobgoblin hits you but does no damage.
The goblin hits you with a +0 dagger. The goblin hits you but does no damage.
The goblin barely misses you.
Your endoplasm hits the goblin but does no damage.
The goblin barely misses you.
Your rat barely misses the goblin.
It was a potion of heal wounds.
You feel much better. You block the goblin's attack. The hobgoblin hits you.
Your dart slug launches a dart at the goblin.
The slug dart hits the goblin but does no damage.
The goblin barely misses you. The goblin hits you with a +0 dagger.
The goblin hits you but does no damage.
Your endoplasm freezes the goblin.
The goblin is frozen.
The goblin explodes!
The fiery explosion engulfs Robin!!
The fiery explosion engulfs you!!!
Ouch! That really hurt!
You die...

.............)..#
..........÷g....#
................#
.............g..#
#####..........##
##.#####.#.g#
#........#§###########
#........#g§w........#
#........#@gJ........#
#.######.ggg...$.....#
#.# ##..r.........#
#.# #.....(......#
###.# ##..##########
#...# #(.#
#####...########..##
.............##....#
.............##....##


You could see a hobgoblin (inner flame, strong), 5 goblins, a friendly dart slug
(summoned, inner flame), a friendly endoplasm (summoned, inner flame) and a
friendly rat (summoned, inner flame).

Vanquished Creatures
  Ijyb (D:3)
  Robin (D:3)
  3 ball pythons (D:1)
  6 bats
  5 endoplasms
  2 giant cockroaches
  7 goblins
  4 hobgoblins
  13 jackals
  5 kobolds
  5 quokkas
  A frilled lizard (D:1)
  3 rats
56 creatures vanquished.

Vanquished Creatures (collateral kills)
  A goblin (D:3)
1 creature vanquished.

Grand Total: 57 creatures vanquished

Notes
Turn   | Place    | Note
-------+----------+-------------------------------------------
     0 | D:1      | kae the Hill Orc Fighter began the quest for the Orb.
     0 | D:1      | Reached XP level 1. HP: 19/19 MP: 1/1
    23 | D:1      | Reached skill level 3 in Axes
    32 | D:1      | Reached XP level 2. HP: 24/27 MP: 2/2
   166 | D:1      | Reached skill level 4 in Axes
   166 | D:1      | Reached XP level 3. HP: 31/33 MP: 3/3
   432 | D:1      | Found a faded altar of an unknown god.
  1151 | D:3      | Noticed Robin
  1164 | D:2      | Reached XP level 4. HP: 34/41 MP: 4/4
  1204 | D:3      | Noticed Ijyb
  1214 | D:3      | Killed Ijyb
  1215 | D:3      | Reached skill level 5 in Axes
  1348 | D:3      | Found Futhum Egri's Antique Armour Emporium.
  1523 | D:3      | Killed Robin
  1523 | D:3      | Killed by an exploding goblin... ignited by their inner
                  | flame

Illustrated notes

Levels and vault maps discovered:
D:1:      wheals_arrival_shading, layout_basic,
          hellmonk_ecumenical_altar_inner_sanctum
D:2:      layout_rooms
D:3:      layout_basic, serial_shops, shop, nicolae_shop_behind_doors,
          shop_statue, shop, portal_sewer_entry_b, minmay_pentomino_pile,
          uniq_robin, uniq_ijyb

Skill      XL: |  1  2  3  4 |
---------------+-------------+-----
Axes           | 3 4 5 |  5.3
Fighting       | 4 |  4.6
Armour         | |  3.2
Shields        | |  3.2

Action                   |  1- 3 |  4- 6 || total
-------------------------+-------+-------++-------
Melee: Hand axe          |    97 |    14 ||   111
       War axe           |     1 |       ||     1
  Use: Scroll            |       |     5 ||     5
       Potion            |       |     3 ||     3
Armor: Scale mail        |    58 |    16 ||    74
Dodge: Dodged            |    39 |     9 ||    48
Block: Kite shield       |    47 |    11 ||    58

Table legend: (Time is in decaauts)
 A = Elapsed time spent in this place.
 B = Non-inter-level travel time spent in this place.
 C = Inter-level travel time spent in this place.
 D = Time resting spent in this place.
 E = Time spent auto-exploring this place.
 F = Levels seen in this place.
 G = Mean time per level.
                   A        B        C        D        E       F      G
               +--------+--------+--------+--------+--------+-----+--------+
         Total |   1559 |   1464 |     95 |      0 |   1145 |   3 |  519.7 |
       Dungeon |   1559 |   1464 |     95 |      0 |   1145 |   3 |  519.7 |
               +--------+--------+--------+--------+--------+-----+--------+

Top non-repeatable levels by time:
     D:1: 651 daAuts
     D:2: 577 daAuts
     D:3: 331 daAuts
